 Dungeon Crawl Stone Soup version 0.28-a0-1594-ga885d4b3d6 (webtiles) character file.

Game seed: 12942123187669605221

508 issech the Cudgeller (level 6, -11/54 HPs)
             Began as a Troll Fighter on Jan 20, 2022.
             Was a Follower of Hepliaklqana.
             Killed by divine providence
             ... invoked by an orc priest
              (12 damage)
             ... on level 4 of the Dungeon.
             The game lasted 00:12:59 (2695 turns).

issech the Cudgeller (Troll Fighter)                Turns: 2695, Time: 00:12:59

Health: -11/54     AC:  4    Str: 25    XL:     6   Next: 98%
Magic:  5/5        EV:  9    Int:  4    God:    Hepliaklqana [*.....]
Gold:   115        SH:  9    Dex: 11    Spells: 5/5 levels left

rFire   . . .      SeeInvis .   z - +5 flail
rCold   + . .      Faith    .   c - +1 kite shield
rNeg    . . .      Spirit   .   b - +0 robe
rPois   +          Reflect  .   (helmet restricted)
rElec   .          Harm     .   (no cloak)
rCorr   .          Rampage  .   (gloves unavailable)
Will    .....                   (boots unavailable)
Stlth   +.........              (no amulet)
HPRegen 0.98/turn               q - ring of poison resistance
MPRegen 0.09/turn               p - ring of protection from cold

@: no status effects
A: reduced essence, large, unfitting armour, claws 3, regeneration 1, shaggy fur
1, tough skin 1
a: Renounce Religion, Recall Ancestor, Ancestor Identity


You were on level 4 of the Dungeon.
You worshipped Hepliaklqana.
Hepliaklqana was aware of your devotion.
You visited 1 branch of the dungeon, and saw 4 of its levels.

You collected 115 gold pieces.

Inventory:

Hand Weapons
 a - a +1 flail
 t - a +0 scythe
 w - a +2 quarterstaff of chaos
 y - a +0 mace
 z - a +5 flail (weapon)
 A - a +0 great sword
 B - a +4 short sword
Missiles
 f - 25 bolts
 g - 98 stones (quivered)
 h - 40 sling bullets
 m - 8 poisoned darts
 s - 18 arrows
Armour
 b - a +0 robe (worn)
 c - a +1 kite shield (worn)
 x - a +0 cloak
Jewellery
 n - a ring of ice
 p - a ring of protection from cold (right claw)
 q - a ring of poison resistance (left claw)
Scrolls
 k - a scroll of enchant armour
Potions
 d - a potion of might
 e - a potion of ambrosia {unknown}
 i - a potion of resistance {unknown}
 j - 2 potions of invisibility {unknown}
 l - a potion of curing {unknown}
 o - a potion of heal wounds {unknown}
 r - a potion of magic {unknown}
 u - a potion of attraction {unknown}
 v - a potion of flight {unknown}


   Skills:
 + Level 3.4 Fighting
 + Level 4.3 Maces & Flails
 + Level 3.7 Dodging
 + Level 0.7 Stealth
 + Level 3.5 Shields


You had 5 spell levels left.
You didn't know any spells.
Your spell library contained the following spells:

 Spells                   Type           Power      Damage    Failure   Level
 Gell's Gravitas          Tloc           0%         N/A       99%         3
 Lesser Beckoning         Tloc           0%         N/A       99%         3
 Summon Guardian Golem    Hex/Summ       0%         N/A       99%         3
 Teleport Other           Tloc           0%         N/A       99%         3
 Orb of Destruction       Conj           0%         9d5       100%        7
 Spellforged Servitor     Conj/Summ      0%         N/A       100%        7


Dungeon Overview and Level Annotations

Branches:
Dungeon (4/15)
 Temple: D:4-7

Altars:
Hepliaklqana

Annotations:
D:4 2 runed translucent doors, Menkaure; comborobin's ghost, weakling TrCA


Innate Abilities, Weirdness & Mutations

Your life essence is reduced to manifest your ancestor. (-10% HP)
You are too large for most types of armour.
You have claws for hands.
Your natural rate of healing is unusually fast.
You are covered in fur. (AC +1)
You have tough skin. (AC +1)


Message History

You closely miss the giant cockroach.
You block the giant cockroach's attack. x2
You thump the giant cockroach!
You kill the giant cockroach!
Menkaure is no longer moving quickly.
Menkaure points at you and mumbles some strange words.
You barely resist.
Menkaure gestures wildly while chanting.
Menkaure seems to speed up.
You hit Menkaure.
Menkaure is lightly damaged.
The orc priest invokes the aid of Beogh against you.
Beogh smites you! Menkaure hits you!!
Menkaure gestures at you while chanting.
Pain shoots through your body!
* * * LOW HITPOINT WARNING * * *
You swap places.
The orc priest miscasts a cantrip.
Menkaure barely misses Bozena.
Bozena hits Menkaure.
Menkaure closely misses Bozena.
Bozena hits Menkaure.
Menkaure hits Bozena!
Bozena closely misses Menkaure.
Something hits Bozena.
Bozena hits Menkaure.
Menkaure barely misses Bozena.
Bozena hits Menkaure.
Menkaure hits Bozena!
Bozena is destroyed!
Menkaure gestures at you while chanting.
Pain shoots through your body!
* * * LOW HITPOINT WARNING * * *
Menkaure casts a spell at you. Pain shoots through your body!
* * * LOW HITPOINT WARNING * * *
Menkaure calls on the powers of darkness!
The orc priest convulses!
Your body is wracked with pain!
* * * LOW HITPOINT WARNING * * *
Menkaure casts a spell at you. Pain shoots through your body!
* * * LOW HITPOINT WARNING * * *
The orc priest invokes the aid of Beogh against you.
Beogh smites you!
You die...

#S #.## # #.#
#≈≈≈#.# #≈)≈#o#
#wW≈#M# #≈≈≈#.#
####### #≈≈≈#.#
#.....
#≈≈r#.#######..#
##+##..o.M...@#
#.....#######..#
##...## #...#
##### #..## #..#
#..# #..# #..#


You could see Menkaure (fast) and an orc priest.

Vanquished Creatures
  Sigmund (D:3)
  A water moccasin skeleton (D:4)
  3 wights
  Crazy Yiuf (D:3)
  Terence (D:3)
  6 adders
  A dart slug (D:2)
  8 orcs
  A ball python (D:2)
  7 endoplasms
  2 giant cockroaches
  3 goblins
  6 hobgoblins
  5 kobolds
  4 quokkas
  4 bats
  5 frilled lizards
  A giant cockroach zombie (D:3)
  2 rats
62 creatures vanquished.

Vanquished Creatures (collateral kills)
  An orc (D:4)
1 creature vanquished.

Vanquished Creatures (others)
  3 ancestors (D:4)
3 creatures vanquished.

Grand Total: 66 creatures vanquished

Notes
Turn   | Place    | Note
-------+----------+-------------------------------------------
     0 | D:1      | issech the Troll Fighter began the quest for the Orb.
     0 | D:1      | Reached XP level 1. HP: 22/22 MP: 0/0
   103 | D:1      | Found a faded altar of an unknown god.
   234 | D:1      | Reached XP level 2. HP: 29/29 MP: 1/1
   784 | D:2      | Reached skill level 2 in Maces & Flails
   784 | D:2      | Reached XP level 3. HP: 9/36 MP: 2/2
  1214 | D:2      | Found a hazy altar of Hepliaklqana.
  1225 | D:2      | Became a worshipper of Hepliaklqana the Forgotten
  1677 | D:3      | Reached XP level 4. HP: 44/44 MP: 3/3
  1834 | D:3      | Noticed Sigmund
  1856 | D:3      | Killed Sigmund
  1857 | D:3      | Reached skill level 3 in Maces & Flails
  1857 | D:3      | Reached XP level 5. HP: 35/53 MP: 4/4
  1985 | D:3      | Found a runed translucent door.
  1986 | D:3      | Noticed Crazy Yiuf
  2089 | D:3      | Reached XP level 6. HP: 61/61 MP: 5/5
  2153 | D:3      | Noticed Terence
  2162 | D:3      | Killed Terence
  2263 | D:3      | Killed Crazy Yiuf
  2404 | D:4      | Reached * piety under Hepliaklqana
  2414 | D:4      | Reached skill level 4 in Maces & Flails
  2528 | D:4      | Noticed Menkaure
  2630 | D:4      | Found a runed translucent door.
  2631 | D:4      | Noticed comborobin's ghost (weakling TrCA)
  2657 | D:4      | Found a runed translucent door.
  2695 | D:4      | HP: 1/54 [Menkaure/nerve-wracking pain (13)]
  2695 | D:4      | Killed from afar by an orc priest

Illustrated notes

Levels and vault maps discovered:
D:1:      wander_arrival_lonely_grave, layout_loops_ring,
          shapermc_ecumenical_altar_starsandcircs
D:2:      layout_loops_ring, basic_altar, grunt_ministairs_10
D:3:      layout_loops_ring, kennysheep_generic_room_7, uniq_crazy_yiuf_cottage,
          uniq_sigmund, uniq_terence
D:4:      layout_loops_ring, ebering_ghost_sewer_f, uniq_menkaure, uniq_ijyb

Skill      XL: |  1  2  3  4  5  6 |
---------------+-------------------+-----
Maces & Flails | 2 3 4 |  4.3
Dodging        | 3 |  3.7
Fighting       | 3 |  3.4
Shields        | 3 |  3.5
Stealth        | |  0.7

Action                   |  1- 3 |  4- 6 || total
-------------------------+-------+-------++-------
Melee: Flail             |   124 |   129 ||   253
  Use: Scroll            |     2 |     2 ||     4
 Stab: Sleeping          |     1 |       ||     1
Armor: Robe              |    62 |    27 ||    89
Dodge: Dodged            |    79 |    47 ||   126
Block: Kite shield       |    65 |    66 ||   131

Table legend: (Time is in decaauts)
 A = Elapsed time spent in this place.
 B = Non-inter-level travel time spent in this place.
 C = Inter-level travel time spent in this place.
 D = Time resting spent in this place.
 E = Time spent auto-exploring this place.
 F = Levels seen in this place.
 G = Mean time per level.
                   A        B        C        D        E       F      G
               +--------+--------+--------+--------+--------+-----+--------+
         Total |   2803 |   2676 |    127 |     57 |   1365 |   4 |  700.8 |
       Dungeon |   2803 |   2676 |    127 |     57 |   1365 |   4 |  700.8 |
               +--------+--------+--------+--------+--------+-----+--------+

Top non-repeatable levels by time:
     D:3: 949 daAuts
     D:2: 799 daAuts
     D:1: 773 daAuts
     D:4: 281 daAuts
